Map: Nightshade LE

Players

LiquidMaNa (MaNa)

  • Race: Protoss Protoss
  • League: Master
  • Spawn Location: 11:00

PartinG - Winner!

  • Race: Protoss Protoss
  • League: Grandmaster
  • Spawn Location: 5:00

Event: Shopify TSL 5

VOD

Have the link to the VOD?

Description

Time

  • Played on: May 16, 2020, 9:22 a.m.
  • Length: 8:05

All games in this series

Show
View Real Time Build Order
Export as new Build Order

LiquidMaNa Protoss 

Build Orders:  

Get SALT Encoding   

  12  0:00  Probe  
  13  0:12  Probe  
  14  0:18  Pylon  
  14  0:24  Probe (Chrono Boost)  
  15  0:37  Probe (Chrono Boost), Gateway  
  16  0:45  Probe (Chrono Boost)  
  16  0:46  Assimilator  
  17  0:51  Probe  
  17  0:54  Assimilator  
  18  1:03  Probe (Chrono Boost)  
  19  1:07  Gateway  
  19  1:13  Probe (Chrono Boost)  
  19  1:18  Probe (Chrono Boost)  
  21  1:26  Cybernetics Core  
  21  1:29  Probe  
  22  1:37  Pylon  
  22  1:41  Probe  
  23  2:03  Robotics Facility, Stalker  
  23  2:04  Warp Gate  
  25  2:12  Stalker  
  28  2:27  Pylon  
  28  2:35  Stalker  
  29  2:42  Stalker  
  30  2:54  Immortal (Chrono Boost)  
  34  3:07  Sentry  
  34  3:09  Pylon  
  36  3:22  Warp Prism (Chrono Boost)  
  38  3:31  Probe  
  39  3:51  Immortal  
  43  3:55  Sentry  
  43  3:56  Sentry  
  47  4:04  Pylon  
  47  4:24  Adept x2  
  51  4:32  Immortal  
  55  4:42  Pylon  
  55  4:54  Robotics Bay  
  55  5:05  Adept  
  55  5:06  Adept  
  59  5:32  Pylon  
  59  5:35  Adept x2  
  59  5:37  Pylon  
  63  5:50  Disruptor (Chrono Boost)  
  66  5:58  Adept x2  
  62  6:20  Adept x2  
  62  6:22  Disruptor (Chrono Boost)  
  69  6:40  Adept x2  
  56  7:06  Adept x2  
  48  7:14  Immortal (Chrono Boost)  
  44  7:28  Adept x2  
Show
View Real Time Build Order
Export as new Build Order

PartinG Protoss - Winner!

Build Orders: Phoenix Opening 

Get SALT Encoding   

  12  0:00  Probe  
  13  0:13  Probe  
  14  0:17  Pylon  
  14  0:25  Probe (Chrono Boost)  
  15  0:37  Probe (Chrono Boost), Gateway  
  16  0:45  Probe (Chrono Boost)  
  16  0:46  Assimilator  
  17  0:51  Probe  
  17  0:54  Assimilator  
  18  1:03  Probe (Chrono Boost)  
  19  1:08  Gateway  
  19  1:13  Probe (Chrono Boost)  
  19  1:18  Probe (Chrono Boost)  
  20  1:24  Cybernetics Core  
  21  1:29  Probe  
  22  1:34  Pylon  
  22  1:42  Probe  
  23  1:54  Probe  
  24  2:01  Warp Gate (Chrono Boost)  
  24  2:03  Stalker x2  
  28  2:10  Probe  
  28  2:12  Pylon  
  29  2:22  Probe  
  30  2:33  Sentry  
  30  2:34  Sentry, Probe  
  34  2:46  Probe  
  35  2:52  Nexus  
  35  2:58  Shield Battery  
  35  3:03  Pylon  
  35  3:07  Sentry, Phoenix  
  37  3:15  Robotics Facility  
  37  3:19  Probe  
  38  3:31  Probe  
  39  3:42  Sentry, Stalker  
  44  3:50  Pylon  
  44  3:55  Shield Battery  
  43  4:04  Immortal (Chrono Boost)  
  43  4:08  Adept x2  
  51  4:17  Shield Battery  
  51  4:33  Immortal (Chrono Boost), Shield Battery  
  53  4:42  Stalker x2  
  57  5:02  Warp Prism (Chrono Boost)  
  59  5:08  Shield Battery  
  59  5:10  Shield Battery  
  59  5:17  Adept x2  
  63  5:24  Probe x2  
  62  5:32  Immortal (Chrono Boost)  
  66  5:45  Stalker x2  
  70  5:52  Shield Battery  
  70  5:56  Pylon  
  70  6:01  Pylon  
  70  6:02  Probe  
  70  6:08  Probe  
  69  6:17  Sentry x2  
  71  6:21  Probe  
  71  6:23  Immortal (Chrono Boost)  
  73  6:29  Shield Battery  
  73  6:30  Probe  
  77  6:41  Gateway  
  77  6:43  Adept x2  
  79  6:52  Immortal (Chrono Boost)  
  65  7:05  Adept x2  
  61  7:21  Immortal (Chrono Boost)  
  59  7:33  Stalker  
  61  7:42  Stalker  
  63  7:44  Zealot  
Tags
 
Add a new tag
Caveats
  • Supply blocks, unpowered buildings, or Contaminate may cause inaccurate times.
  • Supply counts are checked every 10 seconds.